 Dungeon Crawl Stone Soup version 0.24.0-13-gcf9b3192b9 (webtiles) character file.

Game seed: 9406159714340019267, levelgen mode: deterministic

843 ANON1729 the Chiller (level 7, -1/46 HPs)
             Began as a Demonspawn Ice Elementalist on Nov 8, 2019.
             Was an Initiate of Makhleb.
             Hit by a boomerang thrown by an orc warrior (9 damage)
             ... on level 6 of the Dungeon.
             The game lasted 00:08:59 (6171 turns).

ANON1729 the Chiller (Demonspawn Ice Elementalist)  Turns: 6171, Time: 00:08:59

Health: -1/46      AC:  5    Str:  8    XL:     7   Next: 68%
Magic:  14/14      EV: 13    Int: 18    God:    Makhleb [......]
Gold:   330        SH:  0    Dex: 14    Spells: 15/16 levels left

rFire    . . .     SeeInvis .   m - +2 dagger (venom)
rCold    . . .     Gourm    .   (no shield)
rNeg     . . .     Faith    .   a - +0 robe
rPois    .         Spirit   .   (no helmet)
rElec    .         Reflect  .   (no cloak)
rCorr    .         Harm     .   (no gloves)
MR       .....                  n - +0 pair of boots
Stlth    +++.......             (no amulet)
HPRegen  0.15/turn              (no ring)
MPRegen  0.14/turn              (no ring)

@: no status effects
A: hooves 1, slimy green scales 1, spiny 1
a: Renounce Religion


You were on level 6 of the Dungeon.
You worshipped Makhleb.
Makhleb was noncommittal.
You were not hungry.

You visited 2 branches of the dungeon, and saw 7 of its levels.

You collected 330 gold pieces.

Inventory:

Hand Weapons
 l - a +2 vampiric long sword
 m - a +2 dagger of venom (weapon)
Missiles
 w - 3 atropa-tipped darts (quivered)
Armour
 a - a +0 robe (worn)
 n - a +0 pair of boots (worn)
 p - the +3 scale mail of the Special Demons {rPois}
   (You found it on level 4 of the Dungeon)

   It protects you from poison.
Wands
 q - a wand of disintegration (25)
Scrolls
 b - 2 scrolls of enchant armour {unknown}
 d - a scroll of blinking {unknown}
 e - 2 scrolls of amnesia {unknown}
 f - 2 scrolls of enchant weapon
 g - 6 scrolls of teleportation {unknown}
 i - 4 scrolls of remove curse
 j - 3 scrolls of identify {unknown}
 o - a scroll of fear {unknown}
 s - a scroll of random uselessness {unknown}
 v - a scroll of magic mapping {unknown}
Potions
 h - 2 potions of invisibility {unknown}
 k - a potion of curing
 r - a potion of might {unknown}
 t - a potion of lignification {unknown}
 u - a potion of mutation {unknown}
Comestibles
 c - 13 rations


   Skills:
 + Level 3.5 Dodging
 + Level 3.9 Stealth
 * Level 5.0 Spellcasting
   Level 1.0 Conjurations
 * Level 5.3 Ice Magic


You had 15 spell levels left.
You knew the following spells:

 Your Spells              Type           Power        Failure   Level  Hunger
a - Freeze                Ice            ###.         1%          1    None

Your spell library contained the following spells:

 Spells                   Type           Power        Failure   Level  Hunger
 Throw Frost              Conj/Ice       ###...       5%          2    #......
 Infusion                 Chrm           #...         13%         1    None
 Summon Small Mammal      Summ           #...         13%         1    None
 Ozocubu's Armour         Chrm/Ice       ##......     14%         3    ##.....
 Call Imp                 Summ           #.......     21%         2    #......
 Call Canine Familiar     Summ           #.......     36%         3    ##.....
 Spider Form              Tmut/Pois      #.........   36%         3    ##.....
 Summon Guardian Golem    Hex/Summ       #.......     36%         3    ##.....
 Throw Icicle             Conj/Ice       ###.....     36%         4    ####...
 Summon Ice Beast         Ice/Summ       ##......     41%         4    ####...
 Summon Lightning Spire   Summ/Air       #.......     78%         4    ####...
 Yara's Violent Unravell  Hex/Tmut       #.........   98%         5    ######.
 Hydra Form               Tmut           #.........   100%        6    #######


Dungeon Overview and Level Annotations

Branches:
Dungeon (6/15)             Temple (1/1) D:5

Altars:
Ashenzari
Cheibriados
Dithmenos
Elyvilon
Fedhas
Gozag
Hepliaklqana
Kikubaaqudgha
Makhleb
Okawaru
Qazlal
Ru
Sif Muna
Trog
Uskayaw
Vehumet
Wu Jian
Xom
Yredelemnul
Zin
The Shining One


Innate Abilities, Weirdness & Mutations

You have large cloven feet.
You are partially covered in slimy green scales. (AC +2)
You are partially covered in sharp spines.


Message History

The orc warrior is lightly wounded.
The orc warrior completely misses you.
You hit the orc warrior.
The orc warrior looks as sick as possible!
The orc warrior is lightly wounded.
You hit the orc warrior but do no damage.
The orc warrior looks as sick as possible!
The orc warrior is moderately wounded.
The orc warrior hits you with a +0 flail!!
* * * LOW HITPOINT WARNING * * *
You are too injured to fight recklessly!
The orc warrior throws a boomerang.
The boomerang hits you.
* * * LOW HITPOINT WARNING * * *
The weapon returns to the orc warrior!
A shadow imp comes into view.
The shadow imp shouts!
The orc warrior throws a boomerang.
The boomerang misses you.
The weapon returns to the orc warrior!
The orc warrior throws a boomerang.
The boomerang hits you!
You die...

....... #########
....(.z#########........
.....aoo................
......z####o............
....... ##o............
#.########..............
................).......
#.#.............########
..#...5@.....†..#
................#
#.#..........####
#.#......#...##
.......<.........
#.#.........[.... #
#..........##..#
#.......#### ...
....>....# ..


You could see an orc warrior, a shadow imp and an orc.

Vanquished Creatures
  An ogre (D:6)
  2 scorpions
  An orc wizard (D:4)
  2 orc priests
  A bullfrog skeleton (D:4)
  3 hounds (D:4)
  An iguana (D:4)
  A centaur skeleton (D:5)
  8 worker ants
  Jessica (D:2)
  6 adders
  An ooze (D:1)
  2 worms (D:2)
  A dart slug (D:1)
  3 leopard geckos
  27 orcs
  A ball python (D:2)
  4 giant cockroaches
  8 goblins
  8 hobgoblins
  11 kobolds
  2 quokkas (D:3)
  7 bats
  4 frilled lizards
  A jackal zombie (D:5)
  6 rats
113 creatures vanquished.

Vanquished Creatures (others)
  8 fungi (D:4)
  3 toadstools (D:4)
11 creatures vanquished.

Grand Total: 124 creatures vanquished

Notes
Turn   | Place    | Note
-------+----------+-------------------------------------------
     0 | D:1      | ANON1729 the Demonspawn Ice Elementalist began the quest
                  | for the Orb.
     0 | D:1      | Reached XP level 1. HP: 13/13 MP: 3/3
   220 | D:1      | Gained mutation: You are partially covered in slimy green
                  | scales. (AC +2) [demonic ancestry]
   220 | D:1      | Reached XP level 2. HP: 12/19 MP: 5/5
  1201 | D:2      | Noticed Jessica
  1204 | D:2      | Killed Jessica
  1204 | D:2      | Reached XP level 3. HP: 24/24 MP: 5/7
  1720 | D:2      | Gained mutation: You are partially covered in sharp spines.
                  | [demonic ancestry]
  1720 | D:2      | Reached XP level 4. HP: 21/30 MP: 2/8
  2355 | D:2      | Reached XP level 5. HP: 32/35 MP: 9/9
  3874 | D:4      | Reached XP level 6. HP: 10/41 MP: 11/11
  4627 | D:4      | Got a transparent scale mail
  4638 | D:4      | Identified the +3 scale mail of the Special Demons {rPois}
                  | (You found it on level 4 of the Dungeon)
  4867 | D:4      | Gained mutation: You have large cloven feet. [demonic
                  | ancestry]
  4867 | D:4      | Reached XP level 7. HP: 46/46 MP: 13/13
  5135 | D:5      | Entered Level 5 of the Dungeon
  5194 | D:5      | Found a shimmering altar of Xom.
  5279 | D:5      | Found a staircase to the Ecumenical Temple.
  5289 | Temple   | Entered the Ecumenical Temple
  5345 | Temple   | Became a worshipper of Makhleb the Destroyer
  5364 | D:5      | Identified the Volume of Lucky Moulding
  5451 | D:5      | Found a hide-covered altar of Uskayaw.
  5454 | D:5      | Found a white marble altar of Elyvilon.
  5455 | D:5      | Found a shimmering blue altar of Sif Muna.
  5455 | D:5      | Found a glowing silver altar of Zin.
  5929 | D:5      | Found an iron altar of Okawaru.
  5931 | D:5      | Reached skill level 5 in Ice Magic
  6100 | D:6      | Reached skill level 5 in Spellcasting
  6171 | D:6      | Hit by a boomerang thrown by an orc warrior

Levels and vault maps discovered:
D:1:      lemuel_arrival_river_bridge, layout_loops_ring
D:2:      layout_basic, uniq_jessica
D:3:      layout_loops_corners
D:4:      cheibrodos_helix_gallery, layout_basic, first_ration,
          minmay_gold_behind_fungi
D:5:      layout_basic, grunt_temple_overflow_open, kennysheep_mini_moat,
          minmay_temple_entry_arrows, okawaru_altar_gauntlet_db
D:6:      layout_rooms
Temple:   nicolae_temple_x_marks_the_god

Skill      XL: |  1  2  3  4  5  6  7 |
---------------+----------------------+-----
Stealth        | 2 3 |  3.9
Ice Magic      | 3 4 5 |  5.3
Dodging        | 2 3 |  3.5
Spellcasting   | 3 4 5 |  5.0
Conjurations   | |  1.0

Action                   |  1- 3 |  4- 6 |  7- 9 || total
-------------------------+-------+-------+-------++-------
Melee: Unarmed           |    38 |       |       ||    38
       Short sword       |    26 |       |       ||    26
       Dagger            |    16 |   147 |    55 ||   218
Throw: Dart              |       |       |     3 ||     3
 Cast: Freeze            |    23 |     6 |       ||    29
  Use: Scroll            |     2 |       |       ||     2
       Potion            |       |     1 |       ||     1
 Stab: Sleeping          |       |     5 |     2 ||     7
  Eat: Chunk             |     2 |    11 |       ||    13
       Ration            |       |       |     1 ||     1
Armor: Robe              |    30 |    37 |    13 ||    80
Dodge: Dodged            |    60 |   103 |    42 ||   205
